 Dungeon Crawl Stone Soup version 0.28.0-45-g0d030f2227 (webtiles) character file.

Game seed: 14117756563284151457

51 zeratav the Insei (level 3, -2/24 HPs)
             Began as an Octopode Transmuter on Apr 8, 2022.
             Slain by a worm (9 damage)
             ... on level 2 of the Dungeon.
             The game lasted 00:01:22 (1349 turns).

zeratav the Insei (Octopode Transmuter)             Turns: 1349, Time: 00:01:23

Health: -2/24      AC:  1    Str:  9    XL:     3   Next: 81%
Magic:  5/6        EV: 14    Int: 15    God:
Gold:   23         SH:  0    Dex: 20    Spells: 5/6 levels left

rFire   . . .      SeeInvis .     - Unarmed
rCold   . . .      Faith    .   (no shield)
rNeg    . . .      Spirit   .   (helmet currently unavailable)
rPois   .          Reflect  .   (no amulet)
rElec   .          Harm     .   d - +6 ring of dexterity
rCorr   .          Rampage  .   (no ring)
Will    .....                   (no ring)
Stlth   +++.......              (no ring)
HPRegen 0.08/turn               (no ring)
MPRegen 0.10/turn               (no ring)
                                (no ring)
                                (no ring)

@: appendages (expiring)
A: tentacle spike 3, almost no armour, amphibious, 8 rings, camouflage 1,
gelatinous body 1, (nimble swimmer 1), tentacles
a: End Transformation


You were on level 2 of the Dungeon.
One of your tentacles had grown a beastly spike.
You visited 1 branch of the dungeon, and saw 2 of its levels.

You collected 23 gold pieces.


Innate Abilities, Weirdness & Mutations

One of your tentacles has grown a beastly spike.
You cannot wear most types of armour.
You are amphibious.
You can wear up to eight rings at the same time.
Your skin changes colour to match your surroundings (Stealth+).
Your rubbery body absorbs attacks. (AC +1, EV +1)
((You are camouflaged when in or above water. (Stealth+)))
You have tentacles for arms and can constrict up to eight enemies at once.


   Skills:
 + Level 1.7 Fighting
 + Level 2.4 Dodging
 + Level 1.9 Stealth
 * Level 3.7 Unarmed Combat
 - Level 2.0 Spellcasting
 - Level 2.0 Transmutations


You had 5 spell levels left.
You knew the following spells:

 Your Spells              Type           Power      Damage    Failure   Level
a - Beastly Appendage     Tmut           14%        N/A       10%         1

Your spell library contained the following spells:

 Spells                   Type           Power      Damage    Failure   Level
 Wereblood                Tmut           7%         N/A       14%         2
 Spider Form              Tmut/Pois      4%         N/A       41%         3
 Ice Form                 Ice/Tmut       4%         N/A       82%         4

Inventory:

Jewellery
 d - a +6 ring of dexterity (left tentacle)
   (You found it on level 2 of the Dungeon)
Scrolls
 a - 2 scrolls of noise {unknown}
 b - a scroll of identify {unknown}
Potions
 c - a potion of berserk rage {unknown}

Dungeon Overview and Level Annotations

Branches:
Dungeon (2/15)

Altars:

#)# #.....# #.# #.#
###g#####.# #.#
#.......#
####.#####.#####.#
####....)..<).# #.#
...........##.# #.#
##........$...# #.#
#........#.##.#####.#
...≈≈≈≈...@w...w....#
..⌠≈≈≈≈........[.....
...≈≈≈≈..####.$...
#........# .##..
#.......## . .
#..##.### # #.# #. #.
#. ..


You could see 2 worms.


Message History

HP[+1]
You start resting.
HP[+17]
Your hp is fully restored (23).
You climb downwards.
The hobgoblin barely misses you.
The hobgoblin hits you but does no damage.
There is a stone staircase leading up here.
One of your tentacles grows a vicious spike.
The goblin closely misses you. The hobgoblin completely misses you.
MP[-1]
You lost 1 mp, and now have 5/6 mp.
You tentacle-slap the hobgoblin.
You kill the hobgoblin!
The goblin hits you but does no damage.
You closely miss the goblin. Your grab misses the goblin.
Your tentacle spike misses the goblin.
You squeeze the goblin.
You kill the goblin!
No target in view!
No target in view!
No target in view!
No target in view!
No target in view!
No target in view!
No target in view!
No target in view!
No target in view!
No target in view!
No target in view!
No target in view!
No target in view!
No target in view!
A worm comes into view. x2
You see here 6 gold pieces.
The goblin misses you.
You tentacle-slap the goblin. You grab the goblin.
You pierce the goblin.
You kill the goblin!
Your transformation is almost over.
MP[+1]
Your mp is fully restored (6).
d - a +6 ring of dexterity
There are no items here.
Okay, then.
You feel agile.
d - a +6 ring of dexterity (left tentacle)
A quokka comes into view.
There are monsters nearby!
The adder hisses angrily.
You closely miss the adder. Your grab misses the adder.
Your tentacle spike misses the adder.
The adder bites you. x2
HP[-8]
You take 8 damage, and now have 15/23 hp.
MASSIVE DAMAGE!! (PAUSE)
You tentacle-slap the adder. You grab the adder.
Your tentacle spike disappears.
You constrict the adder. The adder misses you.
You barely miss the adder. You constrict the adder. The adder bites you.
HP[-1]
You take 1 damage, and now have 14/23 hp.
You tentacle-slap the adder.
You kill the adder!
The quokka closely misses you.
HP[+1]
You now have 24 max hp (+1).
You closely miss the quokka. You grab the quokka. You constrict the quokka.
The quokka barely misses you.
You tentacle-slap the quokka. You squeeze the quokka.
You kill the quokka!
No target in view!
No target in view!
No target in view!
No target in view!
No target in view!
No target in view!
No target in view!
No target in view!
No target in view!
No target in view!
No target in view!
No target in view!
No target in view!
No target in view!
A worm is nearby!
One of your tentacles grows a vicious spike.
MP[-1]
You lost 1 mp, and now have 5/6 mp.
HP[+1]
Your transformation is almost over.
You tentacle-slap the worm. You grab the worm. You squeeze the worm.
You constrict the worm. The worm bites you!
* * * LOW HITPOINT WARNING * * *
You tentacle-slap the worm.
You pierce the worm.
You constrict the worm, but do no damage.
The worm bites you!
You die...

Skill      XL: |  1  2 |
---------------+-------+-----
Stealth        | 1 |  1.9
Fighting       | |  1.7
Dodging        | |  2.4
Unarmed Combat | |  3.7
Spellcasting   | |  2.0
Transmutations | |  2.0

Action                   || total
-------------------------++-------
Melee: Unarmed           ||    49
       Constrict         ||    18
       Kick              ||    11
       Tentacles         ||     9
 Cast: Beastly Appendage ||    12
 Stab: Sleeping          ||     2
Armor: Skin              ||     3
Dodge: Dodged            ||    22

Levels and vault maps discovered:
D:1:      sevenhm_arrival_forest_fort_small_5, layout_basic
D:2:      layout_loops_ring, ebering_ecumenical_altar_box,
          kennysheep_pointless_box, serial_park_tiny_pond, minmay_heptomino_h4,
          uniq_robin

Notes
Turn   | Place    | Note
-------+----------+-------------------------------------------
     0 | D:1      | zeratav the Octopode Transmuter began the quest for the
                  | Orb.
     0 | D:1      | Reached XP level 1. HP: 13/13 MP: 3/3
     0 | D:1      | magus.rc [v1.9.6]
    78 | D:1      | Reached XP level 2. HP: 8/18 MP: 5/5
   405 | D:1      | Reached skill level 1 in Stealth
  1045 | D:2      | Noticed Robin
  1054 | D:2      | Killed Robin
  1055 | D:2      | Reached XP level 3. HP: 8/23 MP: 6/6
  1069 | D:1      | HP: 5/23 [goblin/+0 club[Robin] (4)]
  1349 | D:2      | Slain by a worm

Vanquished Creatures
  Robin (D:2)
  An adder (D:2)
  2 dart slugs (D:1)
  2 endoplasms (D:1)
  8 goblins
  3 hobgoblins
  A kobold (D:1)
  3 quokkas
  A ball python (D:1)
  2 rats (D:1)
24 creatures vanquished.

Table legend:
 A = Non-vault XP
 B = Vault XP
 C = Vault XP percentage of total XP
 D = Non-vault monster count
 E = Vault monster count
 F = Vault count percentage of total count
                 A         B        C        D         E       F
            +---------+---------+-------+---------+---------+-------
      Total |      40 |      33 |  45.2 |      14 |      10 |  41.7
            +---------+---------+-------+---------+---------+-------
        D:1 |      25 |       2 |   7.4 |      12 |       1 |   7.7
        D:2 |      15 |      31 |  67.4 |       2 |       9 |  81.8
            +---------+---------+-------+---------+---------+-------

Illustrated notes

Table legend:
 A = Kills in this place as a percentage of kills in entire the game.
 B = Kills by you in this place as a percentage of kills by you in the entire game.
 C = Kills by friends in this place as a percentage of kills by friends in the entire game.
 D = Other kills in this place as a percentage of other kills in the entire game.
 E = Experience gained in this place as a percentage of experience gained in the entire game.
 F = Experience gained in this place divided by the number of levels of this place that you have seen.
                   A       B       C       D       E      F
               +-------+-------+-------+-------+-------+----------------------
         Total | 100.0 | 100.0 |   N/A |   N/A | 100.0 |  36.5
       Dungeon | 100.0 | 100.0 |   N/A |   N/A | 100.0 |  36.5
               +-------+-------+-------+-------+-------+----------------------

Table legend: (Time is in decaauts)
 A = Elapsed time spent in this place.
 B = Non-inter-level travel time spent in this place.
 C = Inter-level travel time spent in this place.
 D = Time resting spent in this place.
 E = Time spent auto-exploring this place.
 F = Levels seen in this place.
 G = Mean time per level.
                   A        B        C        D        E       F      G
               +--------+--------+--------+--------+--------+-----+--------+
         Total |   1346 |   1338 |      8 |    243 |    967 |   2 |  673.0 |
       Dungeon |   1346 |   1338 |      8 |    243 |    967 |   2 |  673.0 |
               +--------+--------+--------+--------+--------+-----+--------+

Top non-repeatable levels by time:
     D:1: 1265 daAuts
     D:2: 80 daAuts
